 Dungeon Crawl Stone Soup version 0.32-a0-468-g38b2580584 (webtiles) character file.

Game seed: 5270967257733238981

79 Atlas the Firebug (level 4, -1/34 HPs)
             Began as a Draconian Fire Elementalist on Feb 25, 2024.
             Killed from afar by Sigmund (12 damage)
             ... with a puff of flame
             ... on level 2 of the Dungeon.
             The game lasted 00:02:26 (2258 turns).

Atlas the Firebug (Draconian Fire Elementalist)     Turns: 2258, Time: 00:02:26

Health: -1/34      AC:  7    Str: 11    XL:     4   Next: 17%
Magic:  2/8        EV: 12    Int: 17    God:
Gold:   42         SH:  0    Dex: 11    Spells: 5/8 levels left

rFire   . . .        a - +1 flail (protect)
rCold   . . .        (no shield)
rNeg    . . .        (body armour unavailable)
rPois   .            (helmet restricted)
rElec   .            g - +0 cloak
rCorr   .            (no gloves)
SInv    .            e - +0 pair of boots
Will    .....        (no amulet)
Stlth   ++           (no ring)
HPRegen 0.25/turn    (no ring)
MPRegen 0.11/turn

%: no passive effects
@: no status effects
A: AC +5, unfitting armour, cold-blooded
a: no special abilities


You were on level 2 of the Dungeon.
You visited 1 branch of the dungeon, and saw 2 of its levels.

You collected 105 gold pieces.
You spent 63 gold pieces at shops.

Inventory:

Hand Weapons
 a - a +1 flail of protection (weapon)
Armour
 e - a +0 pair of boots (worn)
 g - a +0 cloak (worn)
Scrolls
 h - a scroll of blinking {unknown}
 j - 3 scrolls of teleportation {unknown}
 k - a scroll of immolation {unknown}
Potions
 b - a potion of berserk rage {unknown}
 c - a potion of cancellation {unknown}
 d - 2 potions of attraction {unknown}
 f - a potion of curing {unknown}
 i - a potion of heal wounds {unknown}
 l - a potion of degeneration {unknown}
 m - 2 potions of mutation {unknown}


   Skills:
 + Level 0.3 Fighting
 + Level 2.1 Dodging
 + Level 2.0 Stealth
 + Level 0.2 Unarmed Combat
 + Level 2.9 Spellcasting
 + Level 1.4 Conjurations
 + Level 3.7 Fire Magic


You had 5 spell levels left.
You knew the following spells:

 Your Spells              Type           Power      Damage    Failure   Level
a - Scorch                Fire           30%        2d6       5%          2
b - Foxfire               Conj/Fire      44%        2x1d6     6%          1

Your spell library contained the following spells:

 Spells                   Type           Power      Damage    Failure   Level
 Inner Flame              Hex/Fire       8%         N/A       24%         3
 Volatile Blastmotes      Fire/Tloc      16%        2d11      24%         3
 Dazzling Flash           Conj/Hex       10%        N/A       36%         3
 Flame Wave               Conj/Fire      11%        2d6       52%         4
 Starburst                Conj/Fire      5%         6d4       100%        6
 Maxwell's Capacitive Co  Air            1%         ∞         100%        8


Dungeon Overview and Level Annotations

Branches:
Dungeon (2/15)

Altars:

Shops:
D:2 [

Annotations:
D:2 Sigmund


Innate Abilities, Weirdness & Mutations

Your plain brown scales are hard. (AC +5)
You cannot fit into any form of body armour.
You are cold-blooded and may be slowed by cold attacks.


Message History

Casting: Foxfire (safe; 6% risk of failure)
Confirm with . or Enter, or press ? or * to list all spells.
You miscast Scorch.
You are very lightly contaminated with residual magic.
Nothing appears to happen.
The foxfire hits Sigmund but does no damage.
Sigmund is lightly wounded.
The foxfire hits Sigmund.
Sigmund is moderately wounded.
Sigmund hits you from afar with a +0 scythe.
Unknown command.
Casting: Scorch (safe; 5% risk of failure)
Confirm with . or Enter, or press ? or * to list all spells.
Flames lash Sigmund but do no damage.
Sigmund casts a spell at you.
You are confused.
Unknown command.
Unknown command.
Sigmund completely misses you.
You're too confused to move!
You bump into the rock wall.
Sigmund gestures at you while chanting. The magic dart hits you!
Sigmund points at you and mumbles some strange words.
The magic dart hits you.
You feel less confused. Sigmund hits you with a +0 scythe.
Your magical contamination has completely faded away.
You barely miss Sigmund.
Your tail-slap misses Sigmund.
Sigmund is moderately wounded.
Sigmund hits you with a +0 scythe.
* * * LOW HITPOINT WARNING * * *
You closely miss Sigmund.
Sigmund is moderately wounded.
Sigmund closely misses you.
You closely miss Sigmund.
Your tail-slap misses Sigmund.
Sigmund is moderately wounded.
Sigmund zaps a wand.
The puff of flame hits you!
You die...
Sigmund begins carving another notch in his scythe.

##..# ###.# ....#
.#### .# .# ####
.##
#########..######
..#
#......@........#
#.#
##.....@###.####.#
..# ##.......# #.#
.########..###.###
#.# .......^..##
#.# #.#
.......)..# #.#
#.# ####<.....#
### ### ##......#
#..###.## # #.÷#
#.###♣♣


You could see Sigmund.

Vanquished Creatures
  Terence (D:1)
  An adder (D:1)
  5 bats
  6 endoplasms
  3 giant cockroaches (D:1)
  A hobgoblin (D:2)
  3 jackals (D:1)
  5 kobolds
  A quokka (D:2)
  3 ball pythons
  4 frilled lizards
  5 goblins
  6 rats
44 creatures vanquished.

Vanquished Creatures (collateral kills)
  5 foxfires (D:1)
5 creatures vanquished.

Vanquished Creatures (others)
  106 foxfires
106 creatures vanquished.

Grand Total: 155 creatures vanquished

Notes
Turn   | Place    | Note
-------+----------+-------------------------------------------
     0 | D:1      | Atlas the Draconian Fire Elementalist began the quest for
                  | the Orb.
     0 | D:1      | Reached XP level 1. HP: 14/14 MP: 3/3
   554 | D:1      | Reached XP level 2. HP: 20/20 MP: 1/5
   557 | D:1      | Learned a level 2 spell: Scorch
  1247 | D:1      | Found a faded altar of an unknown god.
  1392 | D:1      | Reached XP level 3. HP: 10/26 MP: 0/6
  1511 | D:2      | Found Isoaf's Armour Shop.
  1527 | D:2      | Noticed Terence
  1607 | D:1      | Killed Terence
  1737 | D:2      | Bought a +0 cloak for 63 gold pieces
  1828 | D:2      | Reached XP level 4. HP: 33/33 MP: 5/8
  2238 | D:2      | Noticed Sigmund
  2258 | D:2      | Killed from afar by Sigmund

Illustrated notes

Levels and vault maps discovered:
D:1:      mainiacjoe_arrival_oval_in_oval, layout_loops_corners, serial_forest,
          infiniplex_forest_lined_3, infiniplex_forest_lined_room_2,
          infiniplex_forest_clump_curved, infiniplex_forest_corner_2,
          infiniplex_forest_straight_3, infiniplex_forest_lined_corner,
          infiniplex_forest_lined_room_2, infiniplex_forest_lined_3_way,
          shapermc_ecumenical_altar_mp_urbaneastern
D:2:      layout_rooms, serial_shops, nicolae_square_shop, minmay_hexomino_r4,
          uniq_crazy_yiuf_cottage, uniq_sigmund, uniq_terence

Skill      XL: |  1  2  3 |
---------------+----------+-----
Dodging        | 2 |  2.1
Stealth        | 2 |  2.0
Fighting       | |  0.3
Unarmed Combat | |  0.2
Spellcasting   | |  2.9
Conjurations   | |  1.4
Fire Magic     | |  3.7

Action                     |  1- 3 |  4- 6 || total
---------------------------+-------+-------++-------
  Melee: Unarmed           |    26 |       ||    26
         Punch             |     1 |       ||     1
         Flail             |       |     4 ||     4
   Cast: Foxfire           |    58 |     8 ||    66
         Scorch            |    11 |    10 ||    21
    Use: Potion            |     1 |       ||     1
 Armour: Skin              |    43 |    11 ||    54
  Dodge: Dodged            |    48 |     5 ||    53

Table legend: (Time is in decaauts)
 A = Elapsed time spent in this place.
 B = Non-inter-level travel time spent in this place.
 C = Inter-level travel time spent in this place.
 D = Time resting spent in this place.
 E = Time spent auto-exploring this place.
 F = Levels seen in this place.
 G = Mean time per level.
                   A        B        C        D        E       F      G
               +--------+--------+--------+--------+--------+-----+--------+
         Total |   2262 |   2182 |     80 |     60 |   1822 |   2 | 1131.0 |
       Dungeon |   2262 |   2182 |     80 |     60 |   1822 |   2 | 1131.0 |
               +--------+--------+--------+--------+--------+-----+--------+

Top non-repeatable levels by time:
     D:1: 1611 daAuts
     D:2: 650 daAuts
